 Dungeon Crawl Stone Soup version 0.24.0-125-gc4c63601f3 (webtiles) character file.

Game seed: 14188014562233442203, levelgen mode: deterministic

80187 Martska the Warrior (level 15, -12/139 HPs)
             Began as a Demonspawn Fighter on Feb 23, 2020.
             Was a High Priest of Okawaru.
             Killed from afar by a deep elf knight (24 damage)
             ... with a stone arrow
             ... on level 1 of the Elven Halls.
             The game lasted 01:38:24 (25146 turns).

Martska the Warrior (Demonspawn Fighter)           Turns: 25146, Time: 01:38:25

Health: -12/139    AC: 33    Str: 26    XL:     15   Next: 23%
Magic:  21/21      EV: 12    Int: 11    God:    Okawaru [*****.]
Gold:   1347       SH:  0    Dex: 25    Spells: 14/14 levels left

rFire    + . .     SeeInvis .   M - +5 battleaxe (chop)
rCold    + . .     Gourm    .   (shield currently unavailable)
rNeg     . . .     Faith    .   Y - +2 plate armour {rC+}
rPois    .         Spirit   .   m - +0 helmet
rElec    .         Reflect  .   x - +2 cloak "Oliveny" {+Blink Dex+3}
rCorr    .         Harm     .   G - +2 pair of gloves
MR       +....                  n - +1 pair of boots {Stlth+}
Stlth    ..........             (no amulet)
HPRegen  0.33/turn              A - +4 ring of dexterity
MPRegen  0.17/turn              I - +3 ring of protection

@: mighty, agile, lightly drained
A: talons 2, rugged brown scales 3, deterioration 1, fire resistance 1, ignite
blood, powered by pain 2, flame cloud immunity
a: Heroism, Finesse, Renounce Religion, Evoke Blink


You were on level 1 of the Elven Halls.
You worshipped Okawaru.
Okawaru was extremely pleased with you.
You were not hungry.

You visited 5 branches of the dungeon, and saw 22 of its levels.

You collected 2253 gold pieces.
You spent 906 gold pieces at shops.

Inventory:

Hand Weapons
 a - a +2 antimagic broad axe
 C - a +1 shortbow of flaming
 M - a +5 battleaxe of chopping (weapon)
 W - the +8 war axe of Uskayaw's Reproof {pain, *Rage rPois rN+++ Stlth+}
   (You found it on level 11 of the Dungeon)

   In the hands of one skilled in necromantic magic, it inflicts extra damage on
   living creatures.
   It protects you from poison.
   It renders you almost immune to negative energy.
   It may make you go berserk in combat.
   It makes you more stealthy.
Missiles
 B - 8 silver boomerangs (quivered)
Armour
 b - +0 fire dragon scales
 c - a +0 shield
 m - a +0 helmet (worn)
 n - a +1 pair of boots of stealth (worn)
 x - the +2 cloak "Oliveny" (worn) {+Blink Dex+3}
   (Okawaru gifted it to you on level 1 of the Lair of Beasts)

   It affects your dexterity (+3).
   It lets you blink.
 G - a +2 pair of gloves (worn)
 Y - a +2 plate armour of cold resistance (worn)
Magical Staves
 g - a cursed staff of fire
Jewellery
 t - an uncursed ring of stealth
 y - an uncursed ring of teleportation
 z - an uncursed ring of fire
 A - a +4 ring of dexterity (left hand)
 I - a +3 ring of protection (right hand)
 Q - an uncursed ring of protection from cold
Wands
 D - a wand of acid (9)
 J - a wand of flame (25)
 R - a wand of disintegration (15)
 V - a wand of digging (6)
 X - a wand of iceblast (7)
Scrolls
 e - 4 scrolls of magic mapping
 h - 5 scrolls of enchant armour
 k - 4 scrolls of immolation
 l - a scroll of teleportation
 q - a scroll of summoning {unknown}
 r - 3 scrolls of amnesia
 s - 3 scrolls of fear
 K - 5 scrolls of fog
 L - 5 scrolls of vulnerability
 O - a scroll of torment
 S - 2 scrolls of identify
Potions
 d - 6 potions of might
 i - a potion of berserk rage
 j - a potion of brilliance
 p - a potion of degeneration {unknown}
 u - a potion of heal wounds
 v - a potion of cancellation
 w - 3 potions of invisibility
 E - 3 potions of agility {unknown}
 F - a potion of lignification {unknown}
 H - a potion of flight {unknown}
 P - 2 potions of ambrosia {unknown}
 T - 2 potions of haste
 U - 4 potions of curing
 Z - a potion of mutation {unknown}
Miscellaneous
 N - a lamp of fire
Comestibles
 f - 20 rations


   Skills:
 * Level 15.6(15.4) Fighting
 * Level 13.8(13.7) Axes
   Level 1.7(9.2) Maces & Flails
 + Level 10.9(10.7) Armour
 - Level 0.2(0.1) Dodging
 - Level 4.0(3.8) Shields
 - Level 4.0(3.8) Unarmed Combat
 - Level 8.3(8.1) Invocations
 - Level 8.0(7.8) Evocations


You had 14 spell levels left.
You didn't know any spells.
Your spell library contained the following spells:

 Spells                   Type           Power        Failure   Level  Hunger
 Animate Skeleton         Necr           N/A          97%         1    ##.....
 Apportation              Tloc           #.....       97%         1    ##.....
 Confusing Touch          Hex            #.....       97%         1    ##.....
 Infusion                 Chrm           #...         97%         1    ##.....
 Magic Dart               Conj           #...         97%         1    ##.....
 Shock                    Conj/Air       #...         97%         1    ##.....
 Summon Small Mammal      Summ           #...         97%         1    ##.....
 Call Imp                 Summ           #.......     99%         2    ###....
 Searing Ray              Conj           #.....       99%         2    ###....
 Shroud of Golubria       Chrm/Tloc      #.....       99%         2    ###....
 Song of Slaying          Chrm           #.......     99%         2    ###....
 Swiftness                Chrm/Air       #.......     99%         2    ###....
 Call Canine Familiar     Summ           #.......     100%        3    ####...
 Dazzling Spray           Conj/Hex       #.....       100%        3    ####...
 Recall                   Summ/Tloc      N/A          100%        3    ####...
 Regeneration             Chrm/Necr      #.........   100%        3    ####...
 Spectral Weapon          Hex/Chrm       #.......     100%        3    ####...
 Static Discharge         Conj/Air       #.......     100%        3    ####...
 Summon Guardian Golem    Hex/Summ       #.......     100%        3    ####...
 Airstrike                Air            #.........   100%        4    #####..
 Animate Dead             Necr           N/A          100%        4    #####..
 Force Lance              Conj/Tloc      #.......     100%        4    #####..
 Fulminant Prism          Conj/Hex       #.........   100%        4    #####..
 Iskenderun's Mystic Bla  Conj           #.......     100%        4    #####..
 Summon Ice Beast         Ice/Summ       #.......     100%        4    #####..
 Summon Lightning Spire   Summ/Air       #.......     100%        4    #####..
 Borgnjor's Vile Clutch   Necr/Erth      #.........   100%        5    ######.
 Lightning Bolt           Conj/Air       #.........   100%        5    ######.
 Death Channel            Necr           #.........   100%        6    #######
 Simulacrum               Ice/Necr       #.........   100%        6    #######


Dungeon Overview and Level Annotations

Branches:
Dungeon (12/15)            Temple (1/1) D:6            Lair (6/6) D:9
 Shoals (0/4) Lair:4       Spider (0/4) Lair:2        Slime (0/5) Lair:5
    Orc (2/2) D:11            Elf (1/3) Orc:2

Altars:
Ashenzari
Cheibriados
Fedhas
Gozag
Hepliaklqana
Kikubaaqudgha
Makhleb
Nemelex Xobeh
Okawaru
Qazlal
Ru
Sif Muna
Trog
Uskayaw
Vehumet
Wu Jian
Yredelemnul
The Shining One
Beogh

Shops:
D:4 (   D:6 !   D:7 *   D:8 (   Orc:1 [   Orc:2 }[!:   Elf:1 *[(


Innate Abilities, Weirdness & Mutations

You have razor-sharp toenails.
You are completely covered in rugged brown scales. (AC +3, +7% HP)
Your flesh is heat resistant. (rF+)
Your demonic aura causes spilled blood to erupt in flames.
You sometimes gain power by taking damage.
You are immune to clouds of flame.
Your body sometimes deteriorates upon taking damage.


Message History

The deep elf knight points at you and mumbles some strange words.
The orb of energy hits you but does no damage.
You closely miss the deep elf knight.
The deep elf knight is moderately wounded.
The deep elf knight barely misses you.
You barely miss the deep elf knight.
The deep elf knight is moderately wounded.
The deep elf knight gestures at you while chanting.
The stone arrow hits you!!
* * * LOW HITPOINT WARNING * * *
You focus on the pain.
You feel very mighty all of a sudden.
The deep elf knight is engulfed in blazing flames.
The deep elf knight closely misses you.
You closely miss the deep elf knight.
The deep elf knight is severely wounded.
The deep elf knight is engulfed in blazing flames.
The deep elf knight points at you and mumbles some strange words.
The stone arrow hits you!!
You die...

.## #.# ##Y....## ##
###'# #.......# #
#...########.......#
#...').....'.......#
##'.##########.....##
##.#.# ##Ye...#
##.############1####'#
##...........ยง#Y##
#.# #
##...####.####@e## #.#
###.#..#.......#.##
#.# .#'###.#.......#.#
#.# ..## #.#.......#.#
#.# ..# #.....8.....#
#.# ..# ##.#.......#.#
#.# .##
#..#.......#.## #.#
#'# #..#.......#..#
#.#
##.##..####.####..#
#.#


You could see a Brimstone Fiend, a deep elf knight, a deep elf mage and 2 ice
beasts.

Vanquished Creatures
  The ghost of kikerikii the Cleaver, a journeyman MiBe of Trog (Orc:1)
  The ghost of Zeraj the Severer, a journeyman DDWz of Makhleb (Lair:4)
  A fire dragon (Lair:6)
  6 hydras
  Harold (D:7)
  4 two-headed ogres
  12 dancing weapons (Elf:1)
  2 ogre magi (Orc:2)
  An orc high priest (Elf:1)
  Nergalle (Lair:1)
  10 deep elf knights (Elf:1)
  A death drake (shapeshifter) (Elf:1)
  4 deep elf archers (Elf:1)
  A lindwurm (Lair:6)
  An orc knight (Orc:2)
  25 deep elf magi (Elf:1)
  10 orc sorcerers
  8 black mambas
  2 ugly things (D:11)
  4 elephants (Lair:2)
  Joseph (D:10)
  3 molten gargoyles (Lair:6)
  16 spiny frogs
  2 gargoyles
  A centaur skeleton (D:12)
  A kobold demonologist (D:11)
  11 komodo dragons
  3 jumping spiders (Lair:2)
  A queen bee (D:9)
  A polar bear (Lair:5)
  6 trolls
  A raiju (shapeshifter) (Elf:1)
  6 hippogriffs
  5 wyverns
  3 redbacks (Lair:2)
  A shadow (D:12)
  38 yaks
  A steam dragon (Lair:6)
  4 basilisks
  6 hungry ghosts
  Menkaure (D:7)
  10 water moccasins
  7 hell hounds
  7 porcupines
  An acid dragon (D:11)
  A hornet zombie (D:11)
  11 orc warriors
  An ice beast (D:10)
  4 sky beasts
  A black bear (D:6)
  5 phantoms
  A necrophage (D:7)
  9 wolves
  9 ogres
  10 centaurs
  A big kobold (D:11)
  10 crocodiles
  12 bullfrogs
  3 scorpions
  A troll zombie (D:11)
  6 killer bees
  An electric eel (Lair:3)
  A howler monkey (D:9)
  5 lava snakes (Lair:6)
  5 crimson imps
  4 jellies
  Crazy Yiuf (D:2)
  10 orc priests
  10 hounds
  A bullfrog skeleton (D:9)
  5 iguanas
  36 orc wizards
  4 worker ants
  4 hell rats (Lair:6)
  5 ogre zombies (D:11)
  A worker ant zombie (D:9)
  26 adders
  5 gnolls
  A howler monkey skeleton (D:8)
  7 river rats (Lair:6)
  2 shadow imps (D:8)
  6 oozes
  An adder skeleton (D:4)
  An adder zombie (D:5)
  2 worms
  3 dart slugs
  6 leopard geckos
  71 orcs
  5 giant cockroaches
  5 hobgoblins
  3 jackals (D:2)
  4 quokkas
  3 ball pythons
  4 bats
  4 frilled lizards
  13 goblins
  2 goblin zombies (D:11)
  A hobgoblin skeleton (D:11)
  A hobgoblin zombie (D:11)
  A jackal skeleton (D:5)
  10 kobolds
  2 orc skeletons (D:11)
  9 orc zombies (D:11)
  12 rats
  A bush (Lair:2)
  8 fungi
  6 plants
636 creatures vanquished.

Vanquished Creatures (others)
  A deep elf knight (Elf:1)
  A deep elf mage (Elf:1)
  7 fungi
  2 plants (Lair:2)
11 creatures vanquished.

Grand Total: 647 creatures vanquished

Notes
Turn   | Place    | Note
-------+----------+-------------------------------------------
     0 | D:1      | Martska the Demonspawn Fighter began the quest for the Orb.
     0 | D:1      | Reached XP level 1. HP: 18/18 MP: 1/1
    93 | D:1      | Gained mutation: You are partially covered in rugged brown
                  | scales. (AC +1, +3% HP) [demonic ancestry]
    93 | D:1      | Reached XP level 2. HP: 12/24 MP: 2/2
   836 | D:1      | Gained mutation: Your flesh is heat resistant. (rF+)
                  | [demonic ancestry]
   836 | D:1      | Reached XP level 3. HP: 29/29 MP: 3/3
  1819 | D:2      | Reached skill level 4 in Fighting
  1819 | D:2      | Gained mutation: You are mostly covered in rugged brown
                  | scales. (AC +2, +5% HP) [demonic ancestry]
  1819 | D:2      | Reached XP level 4. HP: 30/38 MP: 4/4
  1859 | D:2      | Found a runed translucent door.
  1859 | D:2      | You fall into a shaft and drop 1 floor!
  2289 | D:2      | Noticed Crazy Yiuf
  2293 | D:2      | Killed Crazy Yiuf
  2381 | D:3      | Gained mutation: You are immune to clouds of flame.
                  | [demonic ancestry]
  2381 | D:3      | Reached XP level 5. HP: 41/45 MP: 5/5
  2582 | D:3      | Found a faded altar of an unknown god.
  2970 | D:4      | Noticed a phantom
  3297 | D:5      | Entered Level 5 of the Dungeon
  3297 | D:5      | Noticed an orc warrior
  3316 | D:4      | Killed a phantom
  3316 | D:4      | Reached skill level 5 in Fighting
  3316 | D:4      | Reached XP level 6. HP: 34/53 MP: 6/6
  3547 | D:4      | Found Ryqoin's Antique Weapon Shop.
  3710 | D:5      | Noticed an ice beast
  3832 | D:5      | Reached skill level 1 in Axes
  4111 | D:6      | Gained mutation: You have sharp toenails. [demonic
                  | ancestry]
  4111 | D:6      | Reached XP level 7. HP: 59/59 MP: 7/7
  4152 | D:6      | Reached skill level 1 in Unarmed Combat
  4483 | D:6      | Found Luuleh's Distillery.
  4809 | D:6      | Found a staircase to the Ecumenical Temple.
  4836 | Temple   | Entered the Ecumenical Temple
  4920 | Temple   | Became a worshipper of Warmaster Okawaru
  5014 | D:6      | Found a shattered altar of Ashenzari.
  5014 | D:6      | Found a sparkling altar of Nemelex Xobeh.
  5020 | D:6      | Found a stormy altar of Qazlal.
  5022 | D:6      | Found a basalt altar of Yredelemnul.
  5024 | D:6      | Found a burning altar of Makhleb.
  5098 | D:6      | Reached skill level 6 in Fighting
  5289 | D:7      | Reached skill level 1 in Evocations
  5289 | D:7      | Gained mutation: Your demonic aura causes spilled blood to
                  | erupt in flames. [demonic ancestry]
  5289 | D:7      | Reached XP level 8. HP: 56/67 MP: 8/8
  5317 | D:7      | Reached skill level 1 in Invocations
  5609 | D:7      | Found Yrilorao's Assorted Antiques.
  5794 | D:7      | Noticed Menkaure
  5809 | D:7      | Killed Menkaure
  5809 | D:7      | Reached * piety under Okawaru
  6202 | D:7      | Noticed Harold
  6215 | D:7      | Killed Harold
  6215 | D:7      | Reached ** piety under Okawaru
  6215 | D:7      | Reached skill level 7 in Fighting
  6215 | D:7      | Reached skill level 5 in Armour
  6215 | D:7      | Gained mutation: You are completely covered in rugged brown
                  | scales. (AC +3, +7% HP) [demonic ancestry]
  6215 | D:7      | Reached XP level 9. HP: 58/77 MP: 8/11
  6653 | D:8      | Found a flagged portal.
  6950 | D:8      | Reached *** piety under Okawaru
  6957 | D:8      | Noticed a two-headed ogre
  6964 | D:8      | Killed a two-headed ogre
  6964 | D:8      | Reached skill level 8 in Fighting
  6964 | D:8      | Reached skill level 5 in Axes
  7132 | D:8      | Reached **** piety under Okawaru
  7132 | D:8      | Reached skill level 5 in Invocations
  7227 | D:8      | Found Ywecit's Antique Weapon Emporium.
  7417 | D:8      | Found a hide-covered altar of Uskayaw.
  7774 | D:9      | Received a gift from Okawaru
  8162 | D:9      | Noticed a queen bee
  8177 | D:9      | Killed a queen bee
  8177 | D:9      | Reached XP level 10. HP: 70/87 MP: 12/14
  8487 | D:9      | Reached skill level 9 in Fighting
  8900 | D:9      | Found a staircase to the Lair.
  9120 | D:10     | Entered Level 10 of the Dungeon
  9142 | Lair:1   | Entered Level 1 of the Lair of Beasts
  9152 | Lair:1   | Reached ***** piety under Okawaru
  9152 | Lair:1   | Reached skill level 5 in Evocations
  9158 | Lair:1   | Noticed Nergalle
  9165 | Lair:1   | Killed Nergalle
  9165 | Lair:1   | Received a gift from Okawaru
  9169 | Lair:1   | Got a jewelled cloak {god gift}
  9181 | Lair:1   | Identified the +2 cloak "Oliveny" {+Blink Dex+3} (Okawaru
                  | gifted it to you on level 1 of the Lair of Beasts)
  9203 | Lair:1   | Noticed a spiny frog
  9211 | Lair:1   | Killed a spiny frog
  9426 | Lair:1   | Noticed a spiny frog
  9429 | Lair:1   | Killed a spiny frog
  9517 | Lair:1   | Noticed a spiny frog
  9519 | Lair:1   | Killed a spiny frog
  9585 | Lair:1   | Gained mutation: You sometimes gain a little power by
                  | taking damage. [demonic ancestry]
  9585 | Lair:1   | Reached XP level 11. HP: 90/96 MP: 16/16
  9835 | Lair:1   | Reached skill level 10 in Fighting
 10421 | Lair:2   | Found a hole to the Spider Nest.
 11034 | Lair:2   | Received a gift from Okawaru
 11289 | Lair:2   | Received a gift from Okawaru
 11660 | Lair:3   | Reached skill level 11 in Fighting
 11889 | Lair:3   | Gained mutation: You sometimes gain power by taking damage.
                  | [demonic ancestry]
 11889 | Lair:3   | Reached XP level 12. HP: 97/107 MP: 18/18
 11932 | Lair:3   | Noticed a seven-headed hydra
 11939 | Lair:3   | Killed a nine-headed hydra
 12884 | Lair:4   | Found a staircase to the Shoals.
 13195 | Lair:4   | Found a runed translucent door.
 13195 | Lair:4   | Noticed Zeraj's ghost (journeyman DDWz)
 13442 | Lair:4   | Killed Zeraj's ghost
 13661 | Lair:5   | Found a staircase to the Slime Pits.
 13938 | Lair:5   | Received a gift from Okawaru
 13938 | Lair:5   | Reached skill level 10 in Axes
 13939 | Lair:5   | Reached skill level 12 in Fighting
 13971 | Lair:6   | Entered Level 6 of the Lair of Beasts
 14408 | Lair:5   | Reached XP level 13. HP: 107/116 MP: 19/19
 15386 | Lair:6   | Noticed a fire dragon
 15983 | Lair:6   | Reached skill level 13 in Fighting
 15996 | Lair:6   | Found a large runed translucent door.
 15996 | Lair:6   | Found a large runed translucent door.
 16296 | Lair:6   | Killed a fire dragon
 17479 | D:10     | Noticed Joseph
 17486 | D:10     | Killed Joseph
 17723 | D:11     | Got a translucent war axe
 17867 | D:11     | Found a staircase to the Orcish Mines.
 17904 | D:11     | Paralysed by fainting for 11 turns
 17915 | D:11     | Paralysed by fainting for 6 turns
 17941 | Orc:1    | Entered Level 1 of the Orcish Mines
 17957 | Orc:1    | Received a gift from Okawaru
 18122 | Orc:1    | Found a runed translucent door.
 18125 | Orc:1    | Found Neikufi's Antique Armour Boutique.
 18156 | Orc:1    | Noticed kikerikii's ghost (journeyman MiBe)
 18181 | Orc:1    | Killed kikerikii's ghost
 18688 | Orc:2    | Entered Level 2 of the Orcish Mines
 18774 | Orc:2    | Found a staircase to the Elven Halls.
 18846 | Orc:2    | Identified the cursed +0 robe of Minor Irritation {rF+
                  | Int+4 SInv}
 19171 | Orc:2    | Found a burning altar of Makhleb.
 19272 | Orc:2    | Paralysed by an orc sorcerer for 6 turns
 19491 | Orc:2    | Found an ancient bone altar of Kikubaaqudgha.
 19500 | Orc:2    | Reached XP level 14. HP: 124/127 MP: 15/20
 19505 | Orc:2    | Reached skill level 14 in Fighting
 19506 | Orc:2    | Found Idiocaiz's Antique Armour Boutique.
 19559 | Orc:2    | Found a roughly hewn altar of Beogh.
 19559 | Orc:2    | Found Roorero's Gadget Boutique.
 19560 | Orc:2    | Found Seriargh's Book Shop.
 19572 | Orc:2    | Found Kinid's Distillery.
 19578 | Orc:2    | Paralysed by an orc sorcerer for 7 turns
 19607 | Orc:2    | Bought a wand of disintegration (16) for 300 gold pieces
 19663 | Orc:2    | Found a radiant altar of Vehumet.
 19706 | Orc:2    | Bought a potion of berserk rage for 65 gold pieces
 19706 | Orc:2    | Bought a potion of curing for 39 gold pieces
 20648 | Orc:1    | Identified the +8 war axe of Uskayaw's Reproof {pain, *Rage
                  | rPois rN+++ Stlth+} (You found it on level 11 of the
                  | Dungeon)
 21540 | D:12     | Reached skill level 10 in Armour
 22061 | Orc:1    | Bought a pair of embroidered boots for 225 gold pieces
 22155 | Elf:1    | Entered Level 1 of the Elven Halls
 22400 | Elf:1    | Received a gift from Okawaru
 22771 | Elf:1    | Found the +6 shillelagh "Devastator" {shatter}
 22771 | Elf:1    | Found Ucighuy's Weapon Boutique.
 23067 | Elf:1    | Found Benoenug's Antique Armour Boutique.
 23072 | Elf:1    | Found Ukhluem's General Store.
 23074 | Elf:1    | Gained mutation: Your body sometimes deteriorates upon
                  | taking damage. [a neqoxec]
 23079 | Elf:1    | Received a gift from Okawaru
 23100 | Elf:1    | Reached skill level 15 in Fighting
 24147 | Elf:1    | Bought 2 scrolls of fear for 105 gold pieces
 24147 | Elf:1    | Bought a potion of brilliance for 60 gold pieces
 24147 | Elf:1    | Bought a scroll of enchant armour for 112 gold pieces
 24245 | Elf:1    | Gained mutation: You have razor-sharp toenails. [demonic
                  | ancestry]
 24245 | Elf:1    | Reached XP level 15. HP: 128/138 MP: 13/21
 24288 | Elf:1    | Received a gift from Okawaru
 25122 | Elf:1    | Noticed a Brimstone Fiend
 25146 | Elf:1    | Killed from afar by a deep elf knight

Levels and vault maps discovered:
D:1:      ncdulo_halloftheorcs, layout_basic, hangedman_feature_mirror
D:2:      layout_loops_ring, first_ration, uniq_crazy_yiuf_cottage
D:3:      layout_rooms, chequers_ecumenical_altar_simple, minmay_misc_feat_iff
D:4:      layout_rooms, serial_shops, shop
D:5:      layout_cave_pools
D:6:      layout_rooms, chequers_temple_overflow_minitemple,
          minmay_temple_entry_antechambers, serial_shops, shop
D:7:      layout_basic, serial_shops, nicolae_shop_overgrown_old_shop,
          uniq_menkaure, uniq_harold
D:8:      layout_loops_corners, lemuel_doored_altar,
          lightli_bailey_entry_fortress, serial_shops, shop
D:9:      layout_long_grid, dpeg_oklobed_lair, special_room [special_room_bee]
D:10:     layout_roguey, uniq_joseph
D:11:     layout_roguey, zombieorc1_lemuel, grunt_ogre_cave,
          minmay_misc_feat_more_columns
D:12:     layout_basic, gauntlet_entry_generic, minmay_checkerbox
Temple:   eino_temple_rhombus
Lair:1:   layout_loops_ring, grunt_forest_small_clearings, uniq_nergalle
Lair:2:   minmay_lair_venomous_thicket, layout_regular_city,
          nicolae_spider_entry_tight_spaces, enter_volcano_3
Lair:3:   layout_chaotic_city, serial_bayou_ford_a
Lair:4:   wander_river, layout_gridlike, minmay_shoals_entry_centaurs,
          ebering_ghost_inner_flame
Lair:5:   layout_cave_pods, nicolae_slime_entry_slimehenge
Lair:6:   cheibrodos_lair_end_hotspot, layout_big_grid,
          kennysheep_abandoned_house
Orc:1:    layout_diamond_mine, gammafunk_ghost_grave, serial_shops, shop,
          minmay_orc_keep
Orc:2:    kennysheep_orc_mage_school, layout_caves, bloody_makhleb
Elf:1:    elf_arrival_001, layout_geoelf_octagon, serial_shops, shop,
          minivault_28, minmay_shoptagon

Skill      XL: |  1  2  3  4  5  6  7  8  9 10 11 12 13 14 |
---------------+-------------------------------------------+-----
Armour         | 3 4 5 6 7 8 9 10 | 10.9
Shields        | 3 4 |  4.0
Fighting       | 4 5 6 7 8 9 11 12 13 15 | 15.6
Axes           | 1 2 4 5 7 9 10 12 13 | 13.8
Unarmed Combat | 4 |  4.0
Evocations     | 1 3 4 5 6 8 |  8.0
Invocations    | 3 5 6 8 |  8.3
Maces & Flails | |  1.7
Dodging        | |  0.2

Action                   |  1- 3 |  4- 6 |  7- 9 | 10-12 | 13-15 || total
-------------------------+-------+-------+-------+-------+-------++-------
Melee: Flail             |    80 |       |       |       |       ||    80
       Short sword       |    48 |   127 |    92 |       |       ||   267
       War axe           |       |       |   274 |       |       ||   274
       Battleaxe         |       |       |    22 |   353 |   727 ||  1102
Invok: Heroism           |       |       |     1 |     4 |    12 ||    17
       Finesse           |       |       |       |     5 |    14 ||    19
 Abil: Evoke Blink       |       |       |       |       |     3 ||     3
Evoke: Wand              |       |       |       |     3 |    13 ||    16
  Use: Scroll            |     4 |     8 |     2 |    12 |    12 ||    38
       Potion            |       |       |     1 |       |     4 ||     5
 Stab: Sleeping          |       |     2 |     1 |     1 |     5 ||     9
       Distracted        |       |       |       |       |     2 ||     2
  Eat: Chunk             |     2 |     2 |       |     1 |     5 ||    10
       Ration            |     1 |     1 |     6 |     5 |    11 ||    24
Armor: Scale mail        |    31 |       |       |       |       ||    31
       Ring mail         |    28 |    71 |   224 |    77 |       ||   400
       Plate armour      |       |       |       |   263 |   512 ||   775
       Fire dragon scale |       |       |       |       |   125 ||   125
Dodge: Dodged            |    35 |    34 |   110 |   160 |   223 ||   562
Block: Shield            |    60 |    53 |   205 |       |       ||   318
